 Seeded DCSS version 0.29.1-15-g9cfb28693d (webtiles) character file.

Game seed: 6390925637214205193 (custom seed)

114 Mickster the Sneak (level 4, -13/32 HPs)
             Began as a Vampire Wanderer on Feb 25, 2023.
             Mangled by an ogre
             ... wielding a +0 giant spiked club
              (18 damage)
             ... on level 4 of the Dungeon.
             The game lasted 00:20:19 (1891 turns).

Mickster the Sneak (Vampire Wanderer)               Turns: 1891, Time: 00:20:20

Health: -13/32     AC:  7    Str: 10 (11) XL:     4   Next: 67%
Magic:  7/7        EV: 10    Int: 15      God:
Gold:   97         SH:  5    Dex: 13 (14) Spells: 6/7 levels left

rFire   . . .      SeeInvis +   k - +1 dagger (vamp)
rCold   . . .      Faith    .   (no shield)
rNeg    . . .      Spirit   .   g - +0 ring mail
rPois   .          Reflect  +   (no helmet)
rElec   .          Harm     .   (no cloak)
rCorr   .          Rampage  .   c - +1 pair of gloves
Will    .....                   (no boots)
Stlth   +++.......              h - amulet of reflection
HPRegen 0.30/turn               (no ring)
MPRegen 0.10/turn               (no ring)

@: healing quickly
A: alive, fangs 3, see invisible, vampiric 2
a: Exsanguinate


You were on level 4 of the Dungeon.
You visited 1 branch of the dungeon, and saw 4 of its levels.

You collected 97 gold pieces.

Inventory:

Hand Weapons
 a - a +2 dagger
 k - a +1 vampiric dagger (weapon)
Missiles
 m - 5 stones
Armour
 c - a +1 pair of gloves (worn)
 e - a +0 robe
 g - a +0 ring mail (worn)
Jewellery
 h - an amulet of reflection (around neck)
Scrolls
 f - a scroll of butterflies
 i - 3 scrolls of identify
 j - a scroll of blinking
 n - 2 scrolls of poison
Potions
 b - a potion of invisibility
 d - a potion of lignification


   Skills:
 + Level 1.4 Fighting
 + Level 1.4 Short Blades
 + Level 0.9 Armour
 + Level 2.2 Dodging
 + Level 6.7 Stealth
 + Level 1.1 Shields
 + Level 2.2 Spellcasting
 + Level 1.9 Translocations


You had 6 spell levels left.
You knew the following spells:

 Your Spells              Type           Power      Damage    Failure   Level
a - Apportation           Tloc           14%        N/A       26%         1

Your spell library contained the following spells:

 Spells                   Type           Power      Damage    Failure   Level
 Summon Small Mammal      Summ           4%         N/A       50%         1
 Portal Projectile        Hex/Tloc       8%         N/A       73%         3
 Call Canine Familiar     Summ           1%         N/A       86%         3
 Summon Guardian Golem    Hex/Summ       1%         N/A       86%         3


Dungeon Overview and Level Annotations

Branches:
Dungeon (4/15)
 Temple: D:4-7

Altars:
Qazlal


Innate Abilities, Weirdness & Mutations

Your natural rate of healing is accelerated.
You have razor-sharp teeth.
You have supernaturally acute eyesight. (SInv)
You are afflicted with vampirism and can become a bat while bloodless.


Message History

The endoplasm is heavily wounded.
An ogre comes into view. It is wielding a +0 giant spiked club.
The endoplasm freezes you.
You are frozen.
You hit the endoplasm.
You feel better.
The endoplasm is almost dead.
The endoplasm hits you but does no damage.
You barely miss the endoplasm.
The endoplasm is almost dead.
The endoplasm hits you but does no damage.
You hit the endoplasm.
You kill the endoplasm!
The goblin unwields a +0 dagger.
The goblin wields a +0 sling.
The goblin shoots a sling bullet.
The sling bullet barely misses you.
The goblin unwields a +0 sling.
The goblin wields a +0 dagger.
You block the goblin's attack.
You closely miss the goblin. Your bite misses the goblin.
The goblin closely misses you.
You hit the goblin but do no damage. Your bite misses the goblin.
The goblin closely misses you.
You hit the goblin.
You feel better.
You kill the goblin!
The ogre barely misses you.
You hit the ogre.
You feel better.
The ogre is lightly wounded.
You hit the ogre.
You feel better.
The ogre is moderately wounded.
The ogre hits you with a +0 giant spiked club.
You hit the ogre.
You feel better.
The ogre is moderately wounded.
You hit the ogre but do no damage.
The ogre is moderately wounded.
The ogre hits you with a +0 giant spiked club!!
Ouch! That really hurt!
* * * LOW HITPOINT WARNING * * *
You hit the ogre.
The ogre is heavily wounded.
The ogre hits you with a +0 giant spiked club!!
Ouch! That really hurt!
You die...

...# ..#...#. .
....#...#...# #. ..
.#...#...#. #. #.
..#...#.. #. #..
...#...#...#...
#.###...#...#...#. ##
#...####.)#...#... #.
#......@O.#...#
##.####.............#
#.....<...........!.#
#.≈≈≈...#############
#.≈!≈.#.# #.≈≈≈...#
#.....### #.##### #.


You could see an ogre.

Vanquished Creatures
  A howler monkey (D:4)
  2 adders (D:3)
  A worm (D:2)
  A dart slug (D:2)
  A ball python (D:1)
  6 endoplasms
  A giant cockroach (D:1)
  10 goblins
  4 hobgoblins
  3 jackals (D:2)
  2 quokkas (D:2)
  5 bats
  2 frilled lizards
  3 kobolds
  3 rats
45 creatures vanquished.

Vanquished Creatures (others)
  32 plants (D:2)
32 creatures vanquished.

Grand Total: 77 creatures vanquished

Notes
Turn   | Place    | Note
-------+----------+-------------------------------------------
     0 | D:1      | Mickster the Vampire Wanderer began the quest for the Orb.
     0 | D:1      | Mickster set off with the following items: a +2 dagger, a
                  | potion of invisibility, a +0 pair of gloves, a potion of
                  | lignification, a +0 robe; and the following spell
                  | memorised: Apportation; and the following spells available
                  | to memorise: Portal Projectile.
     0 | D:1      | Reached XP level 1. HP: 15/15 MP: 3/3
    29 | D:1      | Reached skill level 6 in Stealth
    93 | D:1      | Reached XP level 2. HP: 11/21 MP: 5/5
   637 | D:2      | Gained mutation: You are afflicted with vampirism and can
                  | become a bat while bloodless. [Vampire growth]
   637 | D:2      | Reached XP level 3. HP: 25/26 MP: 6/6
  1164 | D:3      | Found a stormy altar of Qazlal.
  1676 | D:3      | Reached skill level 1 in Shields
  1676 | D:3      | Reached XP level 4. HP: 25/32 MP: 7/7
  1677 | D:3      | Found a faded altar of an unknown god.
  1680 | D:3      | Noticed a great orb of eyes
  1680 | D:3      | Noticed a great orb of eyes
  1681 | D:3      | Noticed a shining eye
  1681 | D:3      | Noticed a floating eye
  1876 | D:4      | Reached skill level 1 in Short Blades
  1878 | D:4      | Noticed an ogre
  1891 | D:4      | Mangled by an ogre

Illustrated notes

Levels and vault maps discovered:
D:1:      dpeg_arrival_more_subterranean_lakeside_camping, layout_basic,
          serial_shops, shop, minmay_tetromino_t2
D:2:      layout_rooms, serial_bayou, serial_bayou_lake_a, serial_bayou_pond_e,
          serial_bayou_lagoon_a, serial_bayou_pond_c, amcnicky_mini_pool_small
D:3:      layout_basic, nicolae_qazlal_general_emergency, elyvilon_altar_1,
          hellmonk_ecumenical_altar_watching_god
D:4:      layout_basic, lemuel_tele_altar, hex_medium,
          corexii_item_surrounded_by_moat, chequers_serial_rivers_large_b,
          uniq_menkaure

Skill      XL: |  1  2  3  4 |
---------------+-------------+-----
Stealth        | 6 |  6.7
Dodging        | 2 |  2.2
Shields        | 1 |  1.1
Short Blades   | 1 |  1.4
Fighting       | |  1.4
Armour         | |  0.9
Spellcasting   | |  2.2
Translocations | |  1.9

Action                   |  1- 3 |  4- 6 || total
-------------------------+-------+-------++-------
Melee: Dagger            |   175 |    22 ||   197
       Bite              |    17 |     1 ||    18
 Cast: Apportation       |     1 |       ||     1
  Use: Scroll            |     6 |       ||     6
       Potion            |     2 |       ||     2
 Stab: Sleeping          |     3 |       ||     3
Armor: Robe              |     5 |       ||     5
       Ring mail         |    71 |     7 ||    78
Dodge: Dodged            |    86 |     9 ||    95
Block: Other             |    41 |     1 ||    42
